 Dungeon Crawl Stone Soup version 0.28.0-43-g3370ac3207 (webtiles) character file.

Game seed: 14213440255162664356

6195 Kaptain the Geomancer (level 10, -7/63 HPs)
             Began as a Gargoyle Earth Elementalist on Mar 28, 2022.
             Mangled by a wolf (9 damage)
             ... on level 1 of the Lair of Beasts.
             The game lasted 00:25:22 (10622 turns).

Kaptain the Geomancer (GrEE)                       Turns: 10622, Time: 00:25:22

Health: -7/63      AC: 14    Str: 10 (12) XL:     10   Next: 91%
Magic:  29/29      EV: 12    Int: 24 (25) God:
Gold:   483        SH:  4    Dex:  9 (10) Spells: 18/22 levels left

rFire   . . .      SeeInvis .   m - +1 whip (venom)
rCold   . . .      Faith    .   p - +0 buckler
rNeg    + . .      Spirit   .   i - +1 robe of Courage {MP+9 Int+5}
rPois   ∞          Reflect  .   (no helmet)
rElec   +          Harm     .   F - +1 cloak
rCorr   .          Rampage  .   (no gloves)
Will    .....                   o - +0 pair of boots
Stlth   ++........              (no amulet)
HPRegen 0.20/turn               (no ring)
MPRegen 0.21/turn               (no ring)

@: mighty
A: sickness immunity, AC +7, negative energy resistance 1, electricity
resistance, torment resistance 1, petrification resistance
a: no special abilities


You were on level 1 of the Lair of Beasts.
You visited 3 branches of the dungeon, and saw 10 of its levels.

You collected 483 gold pieces.

Inventory:

Hand Weapons
 m - a +1 whip of venom (weapon)
 J - a +3 hand axe
 K - a +1 great sword of flaming
 L - a +0 flail of protection
 N - a +3 flail
Armour
 b - a +0 robe of the Archmagi
 d - a +0 chain mail
 i - the +1 robe of Courage (worn) {MP+9 Int+5}
   (You found it on level 2 of the Dungeon)

   Int:       It affects your intelligence (+5).
   MP:        It affects your magic capacity (+9).
 o - a +0 pair of boots (worn)
 p - a +0 buckler (worn)
 F - a +1 cloak (worn)
Jewellery
 s - a ring of ice
 y - the ring of the Several Artisans {*Corrode rN+ Will+ Int+6 Dex+2}
   (You found it on level 6 of the Dungeon)

   [ring of intelligence]

   Int:       It affects your intelligence (+6).
   Dex:       It affects your dexterity (+2).
   rN:        It protects you from negative energy.
   *Corrode:  It may corrode you when you take damage.
   Will:      It increases your willpower.
Wands
 f - a wand of paralysis (12)
 C - a wand of flame (25)
 D - a wand of charming (4)
 H - a wand of digging (2)
 I - a wand of mindburst (10)
 M - a wand of acid (7)
Scrolls
 e - a scroll of amnesia
 l - a scroll of brand weapon {unknown}
 n - a scroll of enchant armour {unknown}
 r - a scroll of fog {unknown}
 v - 2 scrolls of enchant weapon {unknown}
 w - a scroll of identify
 x - a scroll of blinking {unknown}
 B - a scroll of vulnerability {unknown}
 G - a scroll of magic mapping {unknown}
Potions
 c - 2 potions of might
 j - a potion of lignification
 q - 2 potions of brilliance
 t - a potion of mutation


   Skills:
 * Level 7.5 Fighting
 + Level 5.0 Armour
 + Level 4.3 Dodging
 - Level 2.1 Stealth
 + Level 4.6 Shields
 * Level 6.6 Spellcasting
 * Level 7.4 Conjurations
 - Level 0.7 Transmutations
 * Level 9.2 Earth Magic


You had 18 spell levels left.
You knew the following spells:

 Your Spells              Type           Power      Damage    Failure   Level
a - Sandblast             Erth           100%       2d20      1%          1
b - Stone Arrow           Conj/Erth      96%        3d13      1%          3

Your spell library contained the following spells:

 Spells                   Type           Power      Damage    Failure   Level
 Passwall                 Tmut/Erth      25%        N/A       1%          2
 Petrify                  Tmut/Erth      31%        N/A       12%         4
 Chain Lightning          Conj/Air       12%        3d16      100%        9
 Fire Storm               Conj/Fire      12%        8d3       100%        9
 Shatter                  Erth           25%        3d22*     100%        9


Dungeon Overview and Level Annotations

Branches:
Dungeon (8/15)             Temple (1/1) D:5            Lair (1/6) D:8

Altars:
Ashenzari
Cheibriados
Dithmenos
Elyvilon
Fedhas
Gozag
Hepliaklqana
Kikubaaqudgha
Makhleb
Nemelex Xobeh
Okawaru
Qazlal
Ru
Sif Muna
Trog
Uskayaw
Vehumet
Wu Jian
Yredelemnul
Zin
The Shining One

Shops:
D:3 *

Annotations:
D:4 3 runed translucent doors, KamiKatze's ghost, amateur PaFi; Peloso's ghost, amateur MiFi; dangdung's ghost, amateur OpTm
D:6 1 runed translucent door, Kaptain's ghost, novice GrEE


Innate Abilities, Weirdness & Mutations

You are immune to sickness and miasma.
Your stone body is resilient. (AC +7)
You are immune to poison.
You resist negative energy. (rN+)
You are resistant to electric shocks. (rElec)
You are resistant to unholy torment.
You are immune to petrification.


Message History

The wolf closely misses you. The wolf bites you but does no damage.
The wolf barely misses you. You block the wolf's attack.
The wolf bites you but does no damage. The wolf barely misses you.
The yak is attracted toward you. The wolf closely misses you.
The yak gores you but does no damage. The wolf bites you but does no damage.
Found a stone staircase leading down.
The wolf barely misses you. The wolf bites you but does no damage.
Found a book of the Hunter.
The wolf bites you but does no damage. The yak is attracted toward you.
The yak closely misses you. The wolf closely misses you.
The wolf bites you but does no damage.
Found 11 gold pieces.
The wolf bites you.
* * * LOW HITPOINT WARNING * * *
The wolf bites you but does no damage. The wolf bites you.
* * * LOW HITPOINT WARNING * * *
The wolf closely misses you. The yak is attracted toward you.
The wolf closely misses you. The wolf misses you.
You feel less attractive to monsters. The wolf bites you but does no damage.
Okay, then.
The wolf bites you but does no damage. The wolf misses you.
The wolf bites you but does no damage.
The wolf bites you but does no damage. x2
The wolf barely misses you. You block the wolf's attack.
The wolf barely misses you. The wolf bites you but does no damage.
The wolf barely misses you. You block the wolf's attack.
The wolf bites you but does no damage. The wolf bites you but does no damage.
The wolf bites you.
* * * LOW HITPOINT WARNING * * *
Your hearing returns.
The wolf bites you but does no damage. The wolf closely misses you.
The wolf misses you. The wolf bites you.
* * * LOW HITPOINT WARNING * * *
The wolf bites you!
You die...

##.#####...#..#..#...#.
#.....#..>.#....##.....
.#.(...##......?##.....#
........../.............
.......................#
#.......................
..............##.#......
.......hhhY...###.......
###...@##...## #.#.....
#....<##...# #......#
####...##P.# #..#####
#..####.# .... #..# #.#
....# ...# .. ##..# ..#
#... ##..


You could see a yak and 3 wolves.

Vanquished Creatures
  Pikel (D:4)
  Maurice (D:8)
  5 yaks
  A wyvern (D:8)
  Eustachio (D:5)
  2 acid dragons
  6 water moccasins
  4 orc warriors
  2 sky beasts (D:7)
  A black bear (D:7)
  4 ogres
  A lemure (D:3)
  A phantom (D:7)
  Blork the orc (D:5)
  2 kobold brigands
  5 bullfrogs
  2 wyvern zombies
  A gnoll sergeant (D:5)
  2 scorpions
  A water moccasin skeleton (D:4)
  A killer bee (Lair:1)
  13 wights
  A howler monkey (D:5)
  4 orc priests
  3 centaur skeletons
  A centaur zombie (D:7)
  2 hounds
  3 jellies
  A bullfrog skeleton (D:6)
  2 iguanas
  Crazy Yiuf (D:6)
  3 hell rats (D:8)
  4 orc wizards
  Terence (D:3)
  A killer bee zombie (D:5)
  2 hound skeletons (D:4)
  3 howler monkey zombies
  8 adders
  3 gnolls (D:3)
  2 howler monkey skeletons
  4 river rats (D:8)
  An ufetubus (D:5)
  An adder zombie (D:5)
  15 orcs
  7 endoplasms
  4 giant cockroaches
  6 goblins
  4 hobgoblins
  16 kobolds
  12 quokkas
  2 ball pythons
  4 bats
  2 frilled lizards
  22 rats
203 creatures vanquished.

Vanquished Creatures (others)
  48 fungi
  50 plants
98 creatures vanquished.

Grand Total: 301 creatures vanquished

Notes
Turn   | Place    | Note
-------+----------+-------------------------------------------
     0 | D:1      | Kaptain the Gargoyle Earth Elementalist began the quest for
                  | the Orb.
     0 | D:1      | Reached XP level 1. HP: 10/10 MP: 3/3
   250 | D:1      | Reached XP level 2. HP: 16/16 MP: 3/5
   392 | D:1      | Found a faded altar of an unknown god.
   675 | D:1      | Reached skill level 1 in Fighting
   676 | D:1      | Reached XP level 3. HP: 20/20 MP: 3/6
   796 | D:2      | Identified the +1 robe of Courage {MP+9 Int+5}
   800 | D:2      | Reached skill level 1 in Conjurations
   800 | D:2      | Reached skill level 4 in Earth Magic
  1127 | D:2      | Reached skill level 1 in Armour
  1462 | D:2      | Reached XP level 4. HP: 25/25 MP: 7/7
  1720 | D:3      | Reached XP level 5. HP: 30/30 MP: 9/9
  2103 | D:3      | Noticed Terence
  2118 | D:3      | Killed Terence
  2460 | D:3      | Found Pihout's Assorted Antiques.
  2469 | D:3      | Learned a level 3 spell: Stone Arrow
  2641 | D:4      | Noticed a lemure
  2641 | D:4      | Noticed a lemure
  2642 | D:4      | Noticed a lemure
  2649 | D:4      | Noticed Pikel
  2650 | D:4      | Noticed a lemure
  2985 | D:3      | Killed a lemure
  3121 | D:4      | Reached XP level 6. HP: 36/36 MP: 10/10
  3152 | D:4      | Reached skill level 5 in Earth Magic
  3300 | D:4      | Killed Pikel
  3301 | D:4      | Reached skill level 1 in Shields
  3301 | D:4      | Reached XP level 7. HP: 42/42 MP: 7/12
  3396 | D:4      | Reached XP level 8. HP: 48/48 MP: 14/14
  3525 | D:4      | Found a runed translucent gate.
  3525 | D:4      | Found a runed translucent gate.
  3525 | D:4      | Found a runed translucent gate.
  3526 | D:4      | Noticed KamiKatze's ghost (amateur PaFi)
  3527 | D:4      | Noticed dangdung's ghost (amateur OpTm)
  3527 | D:4      | Noticed Peloso's ghost (amateur MiFi)
  3624 | D:5      | Entered Level 5 of the Dungeon
  3631 | D:5      | Reached skill level 6 in Earth Magic
  3867 | D:5      | Found a hide-covered altar of Uskayaw.
  3867 | D:5      | Noticed a +0 dagger
  3868 | D:5      | Noticed a +0 dagger
  3901 | D:5      | Noticed Blork the orc
  4037 | D:5      | Noticed a yak
  4037 | D:5      | Noticed a yak
  4037 | D:5      | Noticed a yak
  4038 | D:5      | Noticed a yak
  4041 | D:5      | Killed a yak
  4042 | D:5      | Noticed a yak
  4047 | D:4      | Killed a yak
  4217 | D:5      | Killed a yak
  4225 | D:5      | Killed a yak
  4226 | D:5      | Reached skill level 5 in Fighting
  4226 | D:5      | Reached skill level 5 in Conjurations
  4226 | D:5      | Reached XP level 9. HP: 54/54 MP: 9/16
  4250 | D:4      | Reached skill level 7 in Earth Magic
  4380 | D:5      | Killed Blork the orc
  4381 | D:5      | Reached skill level 5 in Spellcasting
  4385 | D:5      | Noticed Eustachio
  4708 | D:5      | Found a staircase to the Ecumenical Temple.
  4717 | Temple   | Entered the Ecumenical Temple
  4969 | D:5      | Killed Eustachio
  5113 | D:5      | Found a shimmering blue altar of Sif Muna.
  5113 | D:5      | Found a hazy altar of Hepliaklqana.
  5212 | D:5      | Found a glowing golden altar of the Shining One.
  5212 | D:5      | Found a white marble altar of Elyvilon.
  5212 | D:5      | Found a glowing silver altar of Zin.
  5459 | D:6      | Identified the ring of the Several Artisans {*Corrode rN+
                  | Will+ Int+6 Dex+2}
  5788 | D:6      | Found a sacrificial altar of Ru.
  5788 | D:6      | Found a radiant altar of Vehumet.
  5814 | D:6      | Found a runed translucent door.
  5814 | D:6      | Noticed Kaptain's ghost (novice GrEE)
  6398 | D:6      | Found a runed translucent door.
  6399 | D:6      | Noticed Crazy Yiuf
  6570 | D:6      | Killed Crazy Yiuf
  6903 | D:7      | Reached skill level 8 in Earth Magic
  7152 | D:7      | Reached XP level 10. HP: 48/61 MP: 4/18
  7303 | D:7      | Found an opulent altar of Gozag.
  8609 | D:8      | Noticed Maurice
  8611 | D:8      | Found a staircase to the Lair.
  8615 | D:8      | Killed Maurice
  9033 | D:8      | Reached skill level 9 in Earth Magic
 10236 | D:8      | Reached skill level 5 in Armour
 10548 | Lair:1   | Entered Level 1 of the Lair of Beasts
 10552 | Lair:1   | Noticed a seven-headed hydra
 10559 | Lair:1   | Noticed a cane toad
 10562 | Lair:1   | Noticed a cane toad
 10573 | Lair:1   | Noticed a cane toad
 10577 | Lair:1   | Noticed a cane toad
 10578 | Lair:1   | Noticed a cane toad
 10586 | Lair:1   | Noticed a cane toad
 10587 | Lair:1   | Noticed a cane toad
 10621 | Lair:1   | HP: 2/63 [wolf (5)]
 10622 | Lair:1   | Mangled by a wolf

Illustrated notes

Levels and vault maps discovered:
D:1:      scummos_arrival_gate, layout_rooms,
          shapermc_ecumenical_altar_totnotflames, chequers_avenue, st_stairs_8,
          amcnicky_mini_corridor_feature
D:2:      layout_loops_corners, minivault_14, st_stairs_2, uniq_jessica
D:3:      layout_basic, serial_shops, shop, st_stairs_4, minmay_cupped,
          uniq_terence
D:4:      layout_cave_pools, gammafunk_ghost_cemetery, uniq_pikel
D:5:      layout_rooms, good_gods_mini_temple, dancing_weapons_uskayaw,
          grunt_temple_overflow_open, lemuel_temple_firewalk_a, sword_in_stone
D:6:      layout_loops_cross, gammafunk_temple_overflow_wave,
          hellmonk_ghost_happy_afterlife, minivault_11, minivault_26,
          uniq_crazy_yiuf_cottage
D:7:      layout_basic, lemuel_crystal_altar, serial_corexii_hall,
          corexii_hall_statues_i, chequers_hall_statues_corner_a,
          chequers_hall_statues_y, chequers_hall_statues_wall_a
D:8:      lemuel_ratsnest, layout_layer_cave, due_lair_maze_entry_diamond,
          uniq_maurice
Temple:   hc_temple_tempest_star
Lair:1:   layout_misc_corridors, special_room [special_room_bee],
          beast_lair_carwin_8, serial_bayou_shore_b, lemuel_fruit_tree

Skill      XL: |  1  2  3  4  5  6  7  8  9 10 |
---------------+-------------------------------+-----
Fighting       | 1 2 3 5 6 7 |  7.5
Conjurations   | 1 2 3 5 6 7 |  7.4
Earth Magic    | 4 5 6 8 9 |  9.2
Armour         | 1 2 3 4 5 |  5.0
Dodging        | 2 3 4 |  4.3
Spellcasting   | 3 4 5 6 |  6.6
Shields        | 1 2 3 4 |  4.6
Stealth        | |  2.1
Transmutations | |  0.7

Action                   |  1- 3 |  4- 6 |  7- 9 | 10-12 || total
-------------------------+-------+-------+-------+-------++-------
Melee: Unarmed           |     4 |       |       |       ||     4
       Short sword       |     2 |       |       |       ||     2
       Whip              |     1 |     3 |    46 |    19 ||    69
       Punch             |       |       |     2 |       ||     2
 Cast: Sandblast         |    48 |    65 |    14 |    51 ||   178
       Stone Arrow       |       |     8 |    96 |    87 ||   191
Evoke: Wand              |       |       |       |     1 ||     1
  Use: Scroll            |       |       |       |    12 ||    12
       Potion            |       |       |       |     6 ||     6
Armor: Robe              |     3 |    11 |    38 |    65 ||   117
Dodge: Dodged            |    11 |    26 |    69 |    70 ||   176
Block: Buckler           |       |       |     2 |    18 ||    20
